 Dungeon Crawl Stone Soup version 0.29-a0-362-g5854e031c7 (webtiles) character file.

Game seed: 8516461037183627949

105 Shayle the Sneak (level 4, 0/27 HPs)
             Began as a Tengu Brigand on Apr 29, 2022.
             Slain by an orc priest
             ... wielding a +0 flail
              (11 damage)
             ... on level 3 of the Dungeon.
             The game lasted 00:05:15 (1919 turns).

Shayle the Sneak (Tengu Brigand)                    Turns: 1919, Time: 00:05:16

Health: 0/27       AC:  3    Str: 12    XL:     4   Next: 81%
Magic:  5/5        EV: 12    Int: 13    God:
Gold:   48         SH:  0    Dex: 15    Spells: 3/3 levels left

rFire   . . .      SeeInvis .   a - +2 dagger
rCold   . . .      Faith    .   (no shield)
rNeg    . . .      Spirit   .   b - +0 robe
rPois   .          Reflect  .   (helmet restricted)
rElec   .          Harm     .   c - +0 cloak
rCorr   .          Rampage  .   (no gloves)
Will    .....                   (boots unavailable)
Stlth   +++.......              (no amulet)
HPRegen 0.09/turn               (no ring)
MPRegen 0.09/turn               (no ring)

@: no status effects
A: beak, talons 3
a: no special abilities


You were on level 3 of the Dungeon.
You visited 1 branch of the dungeon, and saw 3 of its levels.

You collected 48 gold pieces.

Inventory:

Hand Weapons
 a - a +2 dagger (weapon)
Missiles
 d - 13 poisoned darts (quivered)
 e - 3 curare-tipped darts
 j - 3 boomerangs
 s - 2 throwing nets
Armour
 b - a +0 robe (worn)
 c - a +0 cloak (worn)
 k - an orb of mayhem
Scrolls
 f - a scroll of amnesia {unknown}
 p - 2 scrolls of teleportation {unknown}
 q - a scroll of fear {unknown}
 r - a scroll of brand weapon {unknown}
Potions
 g - a potion of attraction {unknown}
 h - 2 potions of curing
 i - a potion of cancellation {unknown}
 l - a potion of flight {unknown}
 m - a potion of degeneration {unknown}
 n - a potion of heal wounds {unknown}
 o - a potion of mutation {unknown}


   Skills:
 + Level 2.7 Fighting
 + Level 3.0 Short Blades
 + Level 2.7 Throwing
 + Level 2.2 Dodging
 + Level 4.5 Stealth


You had 3 spell levels left.
You didn't know any spells.
Your spell library was empty.

Dungeon Overview and Level Annotations

Branches:
Dungeon (3/15)

Altars:


Innate Abilities, Weirdness & Mutations

You have a beak for a mouth.
You have claws for feet.


Message History

The orc priest is heavily wounded.
The orc priest barely misses you.
The orc priest attacks as you move away!
The orc priest barely misses you.
You hit the orc priest.
You kill the orc priest!
Your Short Blades skill increases to level 3!
The orc misses you.
Things that are here:
a +0 whip; an orc corpse You hit the orc.
The orc is heavily wounded.
The orc hits you with a +0 short sword.
You completely miss the orc. You claw the orc, but do no damage.
The orc is heavily wounded.
The orc hits you with a +0 short sword.
You hit the orc.
You kill the orc!
The orc priest closely misses you.
Things that are here:
a +0 short sword; a +0 club; an orc corpse You hit the orc priest.
The orc priest is moderately wounded.
The orc priest hits you with a +0 flail!
You closely miss the orc priest.
You peck the orc priest, but do no damage.
The orc priest is moderately wounded.
The orc priest barely misses you.
You hit the orc priest.
The orc priest is heavily wounded.
The orc priest hits you with a +0 flail.
You hit the orc priest.
The orc priest is severely wounded.
The orc priest hits you but does no damage.
You hit the orc priest but do no damage.
You claw the orc priest, but do no damage.
Your peck misses the orc priest.
The orc priest is severely wounded.
The orc priest hits you with a +0 flail!
You die...

##### ...#
#####.########
#.<.......)@o#
#.###.######.#
#†# #.# .#
######.# #.#
.# .......#
#.# .#
..#.#### #.#
.. ...... ..#
.. ..####..
... .. .## ##


You could see an orc priest.

Vanquished Creatures
  An orc priest (D:3)
  A gnoll (D:2)
  2 adders (D:2)
  2 orcs (D:3)
  10 ball pythons
  3 endoplasms
  6 giant cockroaches
  2 hobgoblins
  2 quokkas
  6 bats
  3 frilled lizards
  3 goblins
  2 kobolds (D:1)
  3 rats
46 creatures vanquished.

Notes
Turn   | Place    | Note
-------+----------+-------------------------------------------
     0 | D:1      | Shayle the Tengu Brigand began the quest for the Orb.
     0 | D:1      | Reached XP level 1. HP: 12/12 MP: 2/2
   123 | D:1      | Reached XP level 2. HP: 17/17 MP: 3/3
   780 | D:2      | Reached XP level 3. HP: 21/22 MP: 4/4
  1217 | D:2      | Found a faded altar of an unknown god.
  1444 | D:2      | Reached XP level 4. HP: 27/27 MP: 5/5
  1919 | D:3      | Slain by an orc priest

Illustrated notes

Levels and vault maps discovered:
D:1:      lemuel_arrival_funnel, layout_loops_ring
D:2:      layout_basic, nicolae_ecumenical_snake_handling
D:3:      layout_loops_ring, amcnicky_mini_corridor_feature,
          hangedman_decor_clover_reticule

Skill      XL: |  1  2  3  4 |
---------------+-------------+-----
Dodging        | 2 |  2.2
Short Blades   | 3 |  3.0
Fighting       | |  2.7
Throwing       | |  2.7
Stealth        | |  4.5

Action                   |  1- 3 |  4- 6 || total
-------------------------+-------+-------++-------
Melee: Dagger            |    76 |    27 ||   103
       Kick              |    14 |     5 ||    19
       Peck              |     2 |     2 ||     4
       Punch             |     1 |       ||     1
  Use: Potion            |       |     1 ||     1
 Stab: Sleeping          |    10 |     1 ||    11
Armor: Robe              |     9 |     4 ||    13
Dodge: Dodged            |    43 |    15 ||    58

Table legend: (Time is in decaauts)
 A = Elapsed time spent in this place.
 B = Non-inter-level travel time spent in this place.
 C = Inter-level travel time spent in this place.
 D = Time resting spent in this place.
 E = Time spent auto-exploring this place.
 F = Levels seen in this place.
 G = Mean time per level.
                   A        B        C        D        E       F      G
               +--------+--------+--------+--------+--------+-----+--------+
         Total |   1905 |   1855 |     50 |    162 |   1304 |   3 |  635.0 |
       Dungeon |   1905 |   1855 |     50 |    162 |   1304 |   3 |  635.0 |
               +--------+--------+--------+--------+--------+-----+--------+

Top non-repeatable levels by time:
     D:2: 898 daAuts
     D:1: 765 daAuts
     D:3: 241 daAuts
